 Dungeon Crawl Stone Soup version 0.30-a0-756-gc2185399d4 (webtiles) character file.

Game seed: 10418081701875428869

84 HammerPanzer the Chopper (level 4, -3/39 HPs)
             Began as a Minotaur Berserker on Feb 9, 2023.
             Was a Believer of Trog.
             Slain by a gnoll
             ... wielding a +0 spear
              (7 damage)
             ... on level 1 of the Dungeon.
             The game lasted 00:02:47 (914 turns).

HammerPanzer the Chopper (Minotaur Berserker)        Turns: 914, Time: 00:02:47

Health: -3/39      AC:  6    Str: 24    XL:     4   Next: 24%
Magic:  3/3        EV: 11    Int:  4    God:    Trog [**....]
Gold:   76         SH:  0    Dex: 15    Spells: 3/3 levels left

rFire   . . .      SeeInvis .    a - +0 hand axe
rCold   . . .      Faith    .    (no shield)
rNeg    + . .      Spirit   .    i - +1 ring mail
rPois   .          Reflect  .    (helmet restricted)
rElec   .          Harm     .    (no cloak)
rCorr   .          Rampage  .    (no gloves)
Will    .....                    (no boots)
Stlth   +                        (no amulet)
HPRegen 0.26/turn                c - ring of positive energy
MPRegen 0.08/turn                g - +6 ring of dexterity

@: on berserk cooldown, slowed, very slow
A: horns 2, retaliatory headbutt
a: Renounce Religion, Berserk, Trog's Hand


You were on level 1 of the Dungeon.
You worshipped Trog.
Trog was pleased with you.
You visited 1 branch of the dungeon, and saw 2 of its levels.

You collected 76 gold pieces.

Inventory:

Hand Weapons
 a - a +0 hand axe (weapon)
Missiles
 b - 5 boomerangs (quivered)
Armour
 i - a +1 ring mail (worn)
Jewellery
 c - a ring of positive energy (left hand)
 g - a +6 ring of dexterity (right hand)
Wands
 h - a wand of charming (9)
Scrolls
 f - a scroll of torment {unknown}
 j - a scroll of enchant armour
Potions
 d - 2 potions of mutation {unknown}
 e - 2 potions of lignification {unknown}
 k - a potion of brilliance {unknown}
 l - a potion of ambrosia {unknown}
 m - a potion of curing {unknown}


   Skills:
 - Level 3.6 Fighting
 + Level 6.2 Axes
 - Level 2.4 Armour
 - Level 2.1 Dodging


You had 3 spell levels left.
You didn't know any spells.
Your spell library was empty.

Dungeon Overview and Level Annotations

Branches:
Dungeon (2/15)

Altars:


Innate Abilities, Weirdness & Mutations

You have a pair of horns on your head.
You reflexively headbutt those who attack you in melee.


Message History

A gnoll comes into view. It is wielding a +0 spear.
You barely miss the gnoll. Your headbutt misses the gnoll.
You barely miss the goblin. The goblin hits you but does no damage.
A gnoll comes into view. It is wielding a +0 flail.
You slash the gnoll!
The gnoll is heavily wounded.
You slash the goblin!
You kill the goblin!
Trog accepts your kill.
You slash the gnoll!
You kill the gnoll!
Trog accepts your kill.
Your Axes skill increases to level 6!
You have reached level 4!
You feel stronger.
You slash the gnoll! Your headbutt misses the gnoll.
The gnoll is severely wounded.
The gnoll hits you with a +0 club.
* * * LOW HITPOINT WARNING * * *
You hit the gnoll.
You kill the gnoll!
Trog accepts your kill.
Items here: )))) ††.
You feel a strong urge to attack something.
You are no longer berserk.
You are exhausted.
You feel yourself slow down. The gnoll closely misses you.
The gnoll completely misses you.
There is a stone staircase leading up here.
The gnoll barely misses you.
The gnoll hits you but does no damage. x2
The gnoll hits you with a +0 spear.
* * * LOW HITPOINT WARNING * * *
You climb upwards.
There is a stone staircase leading down here.
Okay, then.
Okay, then.
The gnoll hits you with a +0 spear.
* * * LOW HITPOINT WARNING * * *
The gnoll hits you from afar with a +0 spear!
You die...

#############......# ##..##∩∩#
#.##...# ........#####.##...#
...........<#.....##
...........####...#######
..........###...........#
........### #..g>...###.#
#.#∩∩∩##########g######.##
...######.......@.....#..#
.##....##.######.####.#..######
..#.##.##.# #.####.#....^..#
.##.##.##.# #......#..###.##
.##....##.## #.###..#### #.#
.##..###...## #>#.......# #.#
.##..##.....####.#.#####.###.#
∩##.....#.#...##.#†#####.....#
###...###.###.##.#.....########


You could see 2 gnolls.

Vanquished Creatures
  Robin (D:2)
  2 gnolls (D:2)
  An adder (D:2)
  A bat (D:1)
  2 endoplasms
  3 giant cockroaches
  12 goblins
  A hobgoblin (D:1)
  7 jackals
  3 quokkas
  2 ball pythons
  3 kobolds
  2 rats
40 creatures vanquished.

Notes
Turn   | Place    | Note
-------+----------+-------------------------------------------
     0 | D:1      | HammerPanzer the Minotaur Berserker began the quest for the
                  | Orb.
     0 | D:1      | Reached XP level 1. HP: 19/19 MP: 0/0
    73 | D:1      | Reached skill level 4 in Axes
    76 | D:1      | Reached XP level 2. HP: 14/26 MP: 1/1
   791 | D:2      | Reached skill level 5 in Axes
   826 | D:2      | Reached ** piety under Trog
   827 | D:2      | Reached XP level 3. HP: 28/31 MP: 2/2
   885 | D:2      | Noticed Robin
   902 | D:2      | Killed Robin
   906 | D:2      | Reached skill level 6 in Axes
   906 | D:2      | Reached XP level 4. HP: 18/39 MP: 3/3
   914 | D:1      | Slain by a gnoll

Illustrated notes

Levels and vault maps discovered:
D:1:      amcnicky_arrival_abandoned_market, layout_basic
D:2:      layout_rooms, basic_altar, minmay_misc_feat_pillars,
          minmay_misc_feat_doors, serial_bayou_ford_a, feat_on_display,
          uniq_robin

Skill      XL: |  1  2  3 |
---------------+----------+-----
Axes           | 4 5 6 |  6.2
Fighting       | |  3.6
Armour         | |  2.4
Dodging        | |  2.1

Action                     |  1- 3 |  4- 6 || total
---------------------------+-------+-------++-------
  Melee: Hand axe          |    55 |     2 ||    57
         Headbutt          |     8 |       ||     8
 Invoke: Berserk           |     1 |       ||     1
    Use: Scroll            |     3 |       ||     3
 Armour: Animal skin       |     2 |       ||     2
         Ring mail         |    20 |     2 ||    22
  Dodge: Dodged            |    32 |     3 ||    35

Table legend: (Time is in decaauts)
 A = Elapsed time spent in this place.
 B = Non-inter-level travel time spent in this place.
 C = Inter-level travel time spent in this place.
 D = Time resting spent in this place.
 E = Time spent auto-exploring this place.
 F = Levels seen in this place.
 G = Mean time per level.
                   A        B        C        D        E       F      G
               +--------+--------+--------+--------+--------+-----+--------+
         Total |    914 |    886 |     28 |     47 |    606 |   2 |  457.0 |
       Dungeon |    914 |    886 |     28 |     47 |    606 |   2 |  457.0 |
               +--------+--------+--------+--------+--------+-----+--------+

Top non-repeatable levels by time:
     D:1: 645 daAuts
     D:2: 268 daAuts
